 Dungeon Crawl Stone Soup version 0.21.1-1-g345015f (webtiles) character file.

5140 wojtek the Fighter (level 10, 0/124 HPs)
             Began as a Demonspawn Gladiator on Feb 18, 2018.
             Was a Believer of Kikubaaqudgha.
             Succumbed to a guardian serpent's bolt of poison
             ... on level 9 of the Dungeon.
             The game lasted 00:17:23 (13669 turns).

wojtek the Fighter (Demonspawn Gladiator)          Turns: 13669, Time: 00:17:24

Health: 0/124      AC: 25    Str: 19    XL:     10   Next: 33%
Magic:  2/10       EV:  2    Int: 18    God:    Kikubaaqudgha [**....]
Gold:   345        SH:  0    Dex: 20    Spells: 8/9 levels left

rFire    . . .     SeeInvis .   a - +0 war axe
rCold    . . .     Gourm    .   (no shield)
rNeg     + + +     Faith    .   (armour currently unavailable)
rPois    +         Spirit   +   (helmet currently unavailable)
rElec    .         Reflect  .   (cloak currently unavailable)
rCorr    .         Harm     .   (gloves currently unavailable)
MR       .....     NoTele   +   (boots currently unavailable)
Stlth    +++.......             (no amulet)
HPRegen  0.30/turn              (no ring)
MPRegen  0.12/turn              (no ring)

@: mighty, brilliant, agile, lethally poisoned (0 -> -11), tree-form, berserk
cooldown, slowed, very slow
A: demonic guardian 1, magic shield
a: Receive Corpses, Renounce Religion


You were on level 9 of the Dungeon.
You worshipped Kikubaaqudgha.
Kikubaaqudgha was pleased with you.
You were not hungry.
You were a tree.
You visited 1 branch of the dungeon, and saw 9 of its levels.

You collected 345 gold pieces.

Inventory:

Hand Weapons
 a - a +0 war axe (weapon)
 z - the +1 hunting sling of Imbalance {freeze, MP-9 Str+3 Int+5}
   (You found it on level 6 of the Dungeon)

   It causes projectiles fired from it to freeze those they strike, causing
   extra injury to most foes and up to half again as much damage against
   particularly susceptible opponents.
   They can also slow down cold-blooded creatures.
   It affects your strength (+3).
   It affects your intelligence (+5).
   It affects your magic capacity (-9).
Missiles
 d - 4 throwing nets (quivered)
Armour
 b - a +0 leather armour
 c - a +0 helmet
 l - a +1 pair of gloves (melded)
 u - a +0 plate armour
 D - a scarf of spirit shield
 E - a +3 ring mail (melded)
 N - a +0 helmet (melded)
Jewellery
 y - an uncursed ring of positive energy {unknown}
Wands
 g - a wand of paralysis (12)
 w - a wand of random effects (28)
 O - a wand of enslavement (8)
Scrolls
 e - 2 scrolls of amnesia {unknown}
 h - a scroll of immolation {unknown}
 i - 8 scrolls of identify
 o - a scroll of magic mapping {unknown}
 q - 2 scrolls of fear {unknown}
 r - 3 scrolls of teleportation {unknown}
 s - 3 scrolls of enchant armour {unknown}
 C - 3 scrolls of remove curse
 I - 3 scrolls of holy word {unknown}
 M - a scroll of enchant weapon {unknown}
 Q - a scroll of random uselessness {unknown}
Potions
 k - a potion of curing {unknown}
 m - 2 potions of heal wounds
 n - 2 potions of brilliance
 p - a potion of berserk rage
 t - a potion of cancellation {unknown}
 v - a potion of ambrosia {unknown}
 x - 2 potions of might
 A - a potion of magic {unknown}
 B - 2 potions of haste
 F - 2 potions of agility
 J - a potion of flight {unknown}
 K - a potion of mutation {unknown}
Books
 G - Kikubaaqudgha's Tome of Darkness
   (Kikubaaqudgha gifted it to you on level 8 of the Dungeon)

   Spells                             Type                      Level
   a - Animate Skeleton               Necromancy                   1
   b - Pain                           Necromancy                   1
   c - Sublimation of Blood           Necromancy                   2
   d - Vampiric Draining              Necromancy                   3
 H - a book of Misfortune

   Spells                             Type                      Level
   a - Confusing Touch                Hexes                        1
   b - Confuse                        Hexes                        3
   c - Gell's Gravitas                Translocation                3
   d - Petrify                        Transmutation/Earth          4
   e - Metabolic Englaciation         Hexes/Ice                    5
   f - Yara's Violent Unravelling     Hexes/Transmutation          5
 L - a book of Debilitation

   Spells                             Type                      Level
   a - Corona                         Hexes                        1
   b - Slow                           Hexes                        2
   c - Inner Flame                    Hexes/Fire                   3
   d - Portal Projectile              Hexes/Translocation          3
   e - Cause Fear                     Hexes                        4
   f - Leda's Liquefaction            Hexes/Earth                  4
Comestibles
 f - 19 rations
 P - 7 chunks of flesh


   Skills:
 + Level 9.2 Fighting
 - Level 6.2 Axes
 - Level 1.7 Throwing
 + Level 4.0 Armour
 + Level 8.6 Dodging
 + Level 4.4 Necromancy


You had 8 spell levels left.
You knew the following spells:

 Your Spells              Type           Power        Failure   Level  Hunger
a - Animate Skeleton      Necr           N/A          1%          1    ##.....


Dungeon Overview and Level Annotations

Branches:
Dungeon (9/15)             Temple (0/1) D:7
   Lair: D:8-11         Orc: D:9-12

Altars:
Ashenzari
Dithmenos
Fedhas
Hepliaklqana
Kikubaaqudgha
Nemelex Xobeh
Okawaru
Uskayaw
Wu Jian
Xom
Yredelemnul
The Shining One

Annotations:
D:2 dig
D:3 jazmu's ghost, amateur FoSk


Innate Abilities, Weirdness & Mutations

((You have very sharp fingernails.))
((You are mostly covered in yellow scales. (AC +3)))
A weak demonic guardian rushes to your aid.
When hurt, damage is shared between your health and your magic reserves.


Message History

There is a lethal amount of poison in your body!
There is a lethal amount of poison in your body!
You feel a strong urge to attack something.
* * * LOW HITPOINT WARNING * * *
You feel sick.
* * * LOW HITPOINT WARNING * * *
You feel sick.
You feel your anger nearly subside.
* * * LOW HITPOINT WARNING * * *
You feel sick.
You are no longer berserk.
You are exhausted.
You feel yourself slow down.
* * * LOW HITPOINT WARNING * * *
You feel sick.
You turn into a tree.
Your +0 helmet melds into your body.
Your +1 pair of gloves melds into your body.
Your +3 ring mail melds into your body.
Your roots penetrate the ground.
You die...
Kikubaaqudgha rasps: "You have failed me!
Welcome... death!"

............ #.###.....
############ ...#
##.##..... ...#
#.÷....... ...#
##........ ...# #....####
...# ##...# ######...#
#...# #........# #...####
#...5♣...# #.......
#...5)...# #.......
#........# #.......
#?.......# #...####
#........# #...#
#........# #...#
#........######...#
####.................#
#....................####


You could see 2 friendly white imps.

Vanquished Creatures
  The ghost of xccam the Basher, a novice HuFi of the Shining One (D:8)
  A guardian serpent (D:9)
  2 wyverns
  2 orc warriors (D:8)
  A sky beast (D:9)
  2 phantoms
  2 ice beasts
  6 ogres
  2 centaurs (D:7)
  A bullfrog (D:9)
  A gnoll sergeant (D:7)
  3 scorpions
  The ghost of Solrac the Ruffian, a weakling TrMo (D:5)
  4 killer bees
  4 howler monkeys
  5 crimson imps
  A centaur zombie (D:8)
  A jelly (D:8)
  A quasit (D:7)
  A bullfrog zombie (D:7)
  6 hounds
  10 orc priests
  12 orc wizards
  An iguana (D:7)
  8 worker ants
  A hound zombie (D:5)
  A hound skeleton (D:6)
  A worker ant zombie (D:9)
  12 gnolls
  6 adders
  4 shadow imps
  3 oozes (D:2)
  An adder zombie (D:9)
  7 worms
  2 dart slugs (D:2)
  3 leopard geckos
  34 orcs
  5 giant cockroaches
  14 goblins
  12 hobgoblins
  4 jackals (D:8)
  2 quokkas (D:5)
  4 bats
  5 frilled lizards
  2 jackal zombies
  9 kobolds
  A quokka skeleton (D:5)
  17 rats
229 creatures vanquished.

Vanquished Creatures (collateral kills)
  A guardian serpent (D:9)
  A hornet (D:8)
  A hound (D:8)
  A hound zombie (D:9)
  An orc (D:9)
5 creatures vanquished.

Vanquished Creatures (others)
  A killer bee zombie (D:7)
1 creature vanquished.

Grand Total: 235 creatures vanquished

Notes
Turn   | Place    | Note
-------+----------+-------------------------------------------
     0 | D:1      | wojtek the Demonspawn Gladiator began the quest for the Orb.
     0 | D:1      | Reached XP level 1. HP: 16/16 MP: 1/1
   466 | D:1      | Gained mutation: You are partially covered in yellow scales. (AC +2) [demonic ancestry]
   466 | D:1      | Reached XP level 2. HP: 18/22 MP: 2/2
  1534 | D:2      | Gained mutation: You have sharp fingernails. [demonic ancestry]
  1534 | D:2      | Reached XP level 3. HP: 21/27 MP: 3/3
  2068 | D:2      | Reached XP level 4. HP: 28/33 MP: 4/4
  2131 | D:2      | Reached skill level 5 in Axes
  2706 | D:2      | Gained mutation: You are mostly covered in yellow scales. (AC +3) [demonic ancestry]
  2706 | D:2      | Reached XP level 5. HP: 28/38 MP: 5/5
  2914 | D:2      | Found a shimmering altar of Xom.
  2916 | D:2      | Found a hazy altar of Hepliaklqana.
  2916 | D:2      | Found a glowing silver altar of Zin.
  2918 | D:2      | Found a hide-covered altar of Uskayaw.
  2918 | D:2      | Found a snail-covered altar of Cheibriados.
  2918 | D:2      | Found a stormy altar of Qazlal.
  3612 | D:3      | Found an ornate altar of the Wu Jian Council.
  3633 | D:3      | Noticed jazmu's ghost (amateur FoSk)
  4309 | D:4      | Reached XP level 6. HP: 40/44 MP: 6/6
  4467 | D:4      | Found a hazy altar of Hepliaklqana.
  4479 | D:4      | Found a blossoming altar of Fedhas.
  5133 | D:5      | Entered Level 5 of the Dungeon
  5178 | D:5      | Reached skill level 3 in Fighting
  5284 | D:5      | Got an ancient buckler
  5290 | D:5      | Identified the +3 buckler "Oshy" {*Slow Str+5} (You found it on level 5 of the Dungeon)
  5319 | D:5      | Noticed an ice beast
  5326 | D:5      | Killed an ice beast
  5326 | D:5      | Reached XP level 7. HP: 53/53 MP: 7/7
  5417 | D:5      | Reached skill level 4 in Fighting
  5658 | D:5      | Found a shattered altar of Ashenzari.
  5864 | D:5      | Reached skill level 5 in Dodging
  5895 | D:5      | Reached skill level 5 in Fighting
  6029 | D:5      | Noticed Solrac's ghost (weakling TrMo)
  6063 | D:5      | Killed Solrac's ghost
  6111 | D:4      | Gained mutation: You have very sharp fingernails. [demonic ancestry]
  6111 | D:4      | Reached XP level 8. HP: 27/62 MP: 8/8
  6577 | D:6      | Found a hide-covered altar of Uskayaw.
  6915 | D:6      | Reached skill level 6 in Fighting
  7928 | D:6      | Found an ancient bone altar of Kikubaaqudgha.
  7977 | D:6      | Became a worshipper of Kikubaaqudgha
  7982 | D:6      | Found a sparkling altar of Nemelex Xobeh.
  7992 | D:6      | Got a scorched hunting sling
  7993 | D:6      | Identified the cursed +1 hunting sling of Imbalance {freeze, MP-9 Str+3 Int+5} (You found it on level 6 of the Dungeon)
  8466 | D:7      | Reached skill level 7 in Fighting
  8768 | D:7      | Found a staircase to the Ecumenical Temple.
  8854 | D:7      | Gained mutation: A weak demonic guardian rushes to your aid. [demonic ancestry]
  8854 | D:7      | Reached XP level 9. HP: 71/72 MP: 9/9
  9045 | D:7      | Found a basalt altar of Yredelemnul.
  9047 | D:7      | Noticed a profane servitor
  9854 | D:7      | Found a glowing golden altar of the Shining One.
  9856 | D:7      | Noticed an angel
  9892 | D:8      | Paralysed by a hornet for 1 turns
 10183 | D:8      | Reached skill level 8 in Fighting
 10183 | D:8      | Reached skill level 1 in Armour
 10412 | D:8      | Reached * piety under Kikubaaqudgha
 10412 | D:8      | Identified Kikubaaqudgha's Tome of Darkness (Kikubaaqudgha gifted it to you on level 8 of the Dungeon)
 10412 | D:8      | Received a gift from Kikubaaqudgha
 10427 | D:8      | Learned a level 1 spell: Animate Skeleton
 10459 | D:8      | Reached skill level 1 in Necromancy
 10848 | D:8      | Noticed xccam's ghost (novice HuFi)
 10903 | D:8      | Killed xccam's ghost
 12061 | D:8      | Gained mutation: When hurt, damage is shared between your health and your magic reserves. [demonic ancestry]
 12061 | D:8      | Reached XP level 10. HP: 82/82 MP: 10/10
 12610 | D:9      | Reached ** piety under Kikubaaqudgha
 12621 | D:9      | Found an iron altar of Okawaru.
 12621 | D:9      | Found a shadowy altar of Dithmenos.
 13172 | D:9      | Noticed a guardian serpent
 13197 | D:9      | Killed a guardian serpent
 13197 | D:9      | Reached skill level 9 in Fighting
 13651 | D:9      | Noticed a guardian serpent
 13659 | D:9      | Killed a guardian serpent
 13664 | D:9      | HP: 5/124 [poisoned by a guardian serpent (bolt of poison)]
 13668 | D:9      | HP: 1/83 [poisoned by a guardian serpent (bolt of poison)]
 13669 | D:9      | Succumbed to a guardian serpent's bolt of poison

Skill      XL: |  1  2  3  4  5  6  7  8  9 10 |
---------------+-------------------------------+-----
Axes           | 3 4 5 6 |  6.2
Dodging        | 4 5 7 8 |  8.6
Fighting       | 3 5 7 8 9 |  9.2
Armour         | 3 4 |  4.0
Necromancy     | 3 4 |  4.4
Throwing       | |  1.7

Action                   |  1- 3 |  4- 6 |  7- 9 | 10-12 || total
-------------------------+-------+-------+-------+-------++-------
Melee: War axe           |   103 |   223 |   544 |   134 ||  1004
  Use: Potion            |       |     3 |       |     5 ||     8
       Scroll            |       |       |     4 |       ||     4
 Stab: Sleeping          |       |       |     3 |       ||     3
       Distracted        |       |       |     1 |     1 ||     2
  Eat: Chunk             |     4 |    10 |    19 |     2 ||    35
       Ration            |       |       |     1 |     1 ||     2
Armor: Leather armour    |    35 |    72 |   110 |       ||   217
       Ring mail         |       |       |    89 |    51 ||   140
Dodge: Dodged            |    54 |   136 |   440 |   125 ||   755
